Map: Lightshade LE

Players

A.I. 1 (Medium) - Winner!

  • Race: Terran Terran
  • Spawn Location: 5:00

oettn

  • Race: Terran Terran
  • League: Silver
  • Spawn Location: 11:00

VOD

Have the link to the VOD?

Description

Max Out in 11:38 (Training)

Time

  • Played on: Dec. 3, 2020, 9:28 a.m.
  • Length: 12:25
Show
View Real Time Build Order
Export as new Build Order

A.I. 1 (Medium) Terran - Winner!

Build Orders:  

Get SALT Encoding   

  12  0:00  SCV  
  13  0:13  SCV  
  14  0:18  Supply Depot  
  14  0:25  SCV  
  15  0:39  SCV  
  16  0:43  Barracks  
  16  0:49  Refinery  
  16  0:51  SCV  
  17  1:03  SCV  
  18  1:16  Supply Depot  
  18  1:31  Marine  
  19  1:33  Orbital Command, Barracks  
  19  1:42  Refinery  
  19  1:51  Marine, Factory  
  20  2:10  Barracks Tech Lab  
  20  2:20  Marine  
  20  2:22  Supply Depot  
  21  2:35  Hellion  
  23  2:48  Marine  
  24  3:03  Marine, Supply Depot  
  25  3:11  SCV  
  26  3:17  Marine  
  27  3:23  SCV  
  27  3:26  Engineering Bay  
  28  3:35  Marauder, SCV  
  31  3:46  Hellion  
  31  3:47  SCV  
  34  3:51  Supply Depot  
  34  3:59  SCV  
  34  4:01  Marauder  
  37  4:11  SCV  
  37  4:15  Hellion  
  40  4:36  Hellion  
  42  5:47  SCV  
  42  6:46  Reaper, Barracks Tech Lab  
  43  6:47  Factory, Factory Tech Lab  
  43  6:48  Supply Depot  
  43  6:50  Missile Turret  
  43  6:51  Missile Turret  
  43  6:56  Sensor Tower, Command Center  
  43  6:57  Armory  
  43  7:00  Starport  
  43  7:04  Marine, Barracks  
  44  7:11  Bunker  
  42  7:18  Marine  
  42  7:22  Marine  
  28  7:30  Factory Tech Lab  
  28  7:36  Marine, Starport Tech Lab  
  29  7:41  Marine  
  30  7:51  Barracks Reactor  
  30  7:53  Marine  
  30  7:54  Raven  
  33  8:00  Marine  
  34  8:08  SCV  
  34  8:11  Marine, SCV  
  37  8:14  Refinery  
  37  8:19  Missile Turret, Marauder  
  39  8:20  SCV  
  39  8:21  Missile Turret  
  39  8:23  SCV  
  39  8:24  Refinery  
  41  8:30  Marauder  
  41  8:32  SCV  
  44  8:35  SCV  
  44  8:37  Marine, Raven  
  48  8:42  Bunker  
  48  8:44  SCV  
  48  8:46  Marine  
  48  8:47  SCV  
  51  8:56  SCV, Marauder  
  51  8:59  SCV  
  55  9:05  Marauder  
  55  9:08  SCV  
  58  9:11  SCV  
  58  9:14  Reaper  
  60  9:21  SCV  
  60  9:23  SCV  
  62  9:33  SCV  
  62  9:36  SCV  
  64  9:45  SCV  
  65  9:48  SCV  
  66  9:57  SCV  
  67  10:00  SCV  
  68  11:18  Medivac  
  70  11:20  Starport  
  70  11:23  Ghost Academy  
  70  11:26  Supply Depot  
  70  11:29  Fusion Core  
  70  11:33  Engineering Bay  
  70  11:36  Armory, Command Center  
  70  11:38  Marine  
  69  11:43  Reaper  
  60  11:48  Reaper  
  60  11:53  Marine  
  56  11:56  Starport Reactor  
  56  11:58  Marine  
Show
View Real Time Build Order
Export as new Build Order

oettn Terran 

Build Orders: 2 Factory, Mech 

Get SALT Encoding   

  12  0:00  SCV  
  13  0:12  SCV  
  14  0:19  Supply Depot  
  14  0:24  SCV  
  15  0:40  SCV  
  16  0:44  Barracks  
  16  0:52  SCV, Refinery  
  17  1:04  SCV  
  18  1:17  SCV  
  19  1:31  Orbital Command  
  19  1:46  Command Center  
  19  1:57  SCV  
  19  1:58  Supply Depot  
  20  2:09  Factory  
  20  2:10  SCV  
  20  2:15  Refinery, Barracks Tech Lab  
  21  2:22  SCV  
  22  2:34  SCV  
  23  2:45  Factory  
  23  2:49  SCV  
  24  2:59  Orbital Command  
  24  3:01  SCV  
  25  3:06  Barracks Reactor  
  25  3:17  SCV  
  26  3:22  Refinery  
  26  3:26  Siege Tank  
  29  3:29  SCV  
  29  3:31  Hellion  
  32  3:40  SCV  
  33  3:41  SCV  
  33  3:42  Supply Depot  
  34  3:53  SCV x2  
  36  4:05  SCV  
  36  4:08  Siege Tank  
  42  4:10  Hellion x2  
  42  4:15  SCV  
  46  4:17  SCV  
  46  4:21  Refinery  
  46  4:26  Engineering Bay  
  46  4:27  SCV  
  46  4:29  SCV  
  48  4:39  SCV  
  48  4:41  Hellion x2, SCV  
  54  4:47  Supply Depot  
  54  5:02  Supply Depot  
  54  5:03  Supply Depot  
  54  5:05  Hi-Sec Auto Tracking  
  54  5:08  Missile Turret, SCV, Siege Tank  
  54  5:09  Hellion x2  
  54  5:12  Missile Turret  
  62  5:26  Command Center  
  62  5:32  Supply Depot  
  62  5:38  SCV  
  62  5:39  SCV  
  64  5:45  Hellion x2, Siege Tank  
  71  5:51  SCV x2  
  71  5:53  Armory  
  73  6:03  SCV x2  
  75  6:09  Hellion x2  
  79  6:15  SCV x2  
  79  6:17  Hellion  
  83  6:18  Factory  
  83  6:20  Factory  
  83  6:27  SCV x2  
  85  6:37  Supply Depot  
  85  6:38  Hellion  
  87  6:48  SCV x2  
  89  6:57  Command Center  
  89  7:05  Thor, Factory Tech Lab x2  
  89  7:07  Hellion x2  
  99  7:12  Factory  
  99  7:17  Factory  
  97  7:29  Missile Turret  
  95  7:30  Refinery  
  95  7:32  Orbital Command, Refinery  
  95  7:36  Thor x2  
  107  7:37  Hellion  
  109  7:47  Supply Depot  
  109  7:48  Supply Depot  
  109  7:49  Supply Depot  
  109  7:55  Hellion x2  
  113  8:04  Hellion  
  115  8:12  Neosteel Armor  
  115  8:15  Terran Vehicle Weapons Level 1  
  115  8:16  Hellion  
  117  8:28  Armory  
  117  8:38  Hellion x2, Thor x3  
  139  8:45  Supply Depot  
  139  8:46  Supply Depot  
  139  8:53  Command Center  
  139  8:56  SCV x3  
  142  9:08  SCV x3  
  145  9:20  Hellion x2, SCV  
  145  9:21  Hellion x2  
  154  9:30  Supply Depot  
  154  9:32  Supply Depot  
  154  9:33  Supply Depot  
  154  9:42  Planetary Fortress  
  154  9:47  Missile Turret  
  154  9:58  Hellion x2, Thor x2  
  154  9:59  Thor  
  176  10:01  Supply Depot  
  176  10:07  SCV x3  
  179  10:19  SCV x3  
  182  10:33  Command Center  
  182  10:36  SCV x4  
  182  10:38  Missile Turret  
  186  10:48  SCV x4  
  190  11:09  SCV x4  
  194  11:13  Refinery  
  194  11:17  Refinery  
  194  11:21  SCV x4  
  198  11:33  SCV x2  
Tags
 
Composition
Mech
League
Silver
Matchup
TvT
Opening
2 Factory
Race
Terran
Spawn Locations
Cross Positions
Add a new tag
Caveats
  • Supply blocks, unpowered buildings, or Contaminate may cause inaccurate times.
  • Supply counts are checked every 10 seconds.